 Dungeon Crawl Stone Soup version 0.19.0-11-g3fc08b3 (webtiles) character file.

4623 MTVSty1e the Fighter (level 10, -3/127 HPs)
             Began as a Formicid Fighter on Nov 9, 2016.
             Slain by Grum
             ... wielding a -2 glaive
              (18 damage)
             ... on level 8 of the Dungeon.
             The game lasted 00:24:54 (8365 turns).

MTVSty1e the Fighter (Formicid Fighter)             Turns: 8365, Time: 00:24:58

Health: -3/127     AC: 25    Str: 24    XL:     10   Next: 70%
Magic:  19/19      EV:  2    Int:  8    God:
Gold:   266        SH: 12    Dex: 15    Spells: 0 memorised, 9 levels left

rFire  + . .     SeeInvis .     v - +8 mace of Twilight {flame, Fragile rElec rC+ MP+9}
rCold  + + .     Gourm    +     (armour currently unavailable)
rNeg   + + +     Faith    .     c - +0 shield
rPois  +         Spirit   .     (helmet unavailable)
rElec  +         Reflect  .     (cloak currently unavailable)
rCorr  +         Harm     .     (gloves currently unavailable)
MR     +....                    (boots currently unavailable)
Stlth  +.........               m - amulet of the gourmand
                                C - ring of poison resistance
                                g - +5 ring of dexterity

@: tree-form, resistant
A: permanent stasis, dig shafts and tunnels, four strong arms, (antennae 0)
a: no special abilities


You were on level 8 of the Dungeon.
You were not hungry.
You were a tree.
You visited 2 branches of the dungeon, and saw 9 of its levels.

You collected 266 gold pieces.

Inventory:

Hand Weapons
 r - a +3 hand axe
 v - the +8 mace of Twilight (weapon) {flame, Fragile rElec rC+ MP+9}
   (You found it on level 4 of the Dungeon)

   It has been specially enchanted to burn those struck by it, causing extra
   injury to most foes and up to half again as much damage against particularly
   susceptible opponents.
   It protects you from cold.
   It insulates you from electricity.
   It affects your magic capacity (+9).
   It will be destroyed if unequipped.
Armour
 c - a +0 shield (worn)
 i - a +1 plate armour (melded)
 n - a +0 pair of boots (melded)
 u - a +0 cloak (melded)
 y - a +0 chain mail of cold resistance
 J - a +0 pair of gloves (melded)
Jewellery
 g - a +5 ring of dexterity (left branch)
 h - an uncursed ring of positive energy
 k - a +2 ring of intelligence
 m - an amulet of the gourmand (around neck)
 x - an uncursed ring of wizardry
 C - a ring of poison resistance (right branch)
Wands
 w - a wand of paralysis (22/24)
Scrolls
 b - a scroll of fear
 f - 2 scrolls of amnesia
 o - 3 scrolls of identify
 p - a scroll of recharging
 D - 2 scrolls of remove curse
Potions
 a - a potion of mutation {unknown}
 e - 2 potions of curing
 j - a potion of cure mutation
 l - a potion of haste {unknown}
 t - 2 potions of lignification
 z - a potion of degeneration {unknown}
 H - a potion of agility {unknown}
Books
 A - a book of Conjurations

   Spells                             Type                      Level
   a - Magic Dart                     Conjuration                  1
   b - Searing Ray                    Conjuration                  2
   c - Dazzling Spray                 Conjuration/Hexes            3
   d - Fulminant Prism                Conjuration/Hexes            4
   e - Iskenderun's Mystic Blast      Conjuration                  4
   f - Iskenderun's Battlesphere      Conjuration/Charms           5
Miscellaneous
 F - a lamp of fire
 K - a sack of spiders
Comestibles
 q - 5 bread rations
 B - 4 fruits
 E - a royal jelly
 G - a beef jerky
 I - 2 meat rations


   Skills:
 * Level 9.8 Fighting
 + Level 5.1(5.6) Axes
 + Level 3.6(4.9) Maces & Flails
 + Level 7.4 Armour
 + Level 5.5 Dodging
 + Level 8.3 Shields


You had 9 spell levels left.
You didn't know any spells.

Dungeon Overview and Level Annotations

Branches:
Dungeon (8/15)             Temple (1/1) D:5
   Lair: D:8-11

Altars:
Ashenzari
Cheibriados
Dithmenos
Elyvilon
Fedhas
Gozag
Kikubaaqudgha
Makhleb
Nemelex Xobeh
Okawaru
Qazlal
Ru
Sif Muna
Trog
Uskayaw
Vehumet
Xom
Yredelemnul
Zin

Annotations:
D:8 Gastronok, Grum


Innate Abilities, Weirdness & Mutations

You are under a permanent stasis effect.
You can dig through walls and to a lower floor.
Your four strong arms can wield two-handed weapons with a shield.
((You have a pair of large antennae on your head. (SInv)))


Message History

* * * LOW HITPOINT WARNING * * *
The wolf closely misses you. You block the wolf's attack.
The iguana barely misses you.
The centaur zombie hits you but does no damage.
It was a potion of cure mutation.
It has a very clean taste.
The wolf bites you but does no damage. The wolf barely misses you.
You block Grum's attack. You block the wolf's attack.
You block the centaur zombie's attack.
Gastronok waves his eye-stalks in wide circles.
The air twists around and strikes you!
* * * LOW HITPOINT WARNING * * *
The iguana closely misses you. The wolf barely misses you.
It was a potion of lignification.
You turn into a tree.
Your +0 cloak melds into your body.
Your +0 pair of gloves melds into your body.
Your +0 pair of boots melds into your body.
Your +1 plate armour melds into your body.
Your roots penetrate the ground.
You block the wolf's attack. x2
You block the centaur zombie's attack. Grum hits you with a glaive!!
You die...

#=...w....# #.........#
. #.........# .. #.
#.........#...
#..#.........#...
#................
#.......h......#
#..(..g♣Z......##
#......lh........
#..######....#....
#....#..#..............
#....#..#......##......
#....#..#......##.....
....#..#.............{
)..#..#....#....#...
####.#............# .


You could see Gastronok, Grum, 2 wolves, an iguana and a centaur zombie.

Vanquished Creatures
  Pikel (D:5)
  2 slime creatures (D:8)
  A hippogriff (D:7)
  Sigmund (D:6)
  A spriggan (D:7)
  The ghost of Nordron the Changer, an amateur NaTm (D:4)
  Edmund (D:4)
  An ice beast (D:6)
  4 phantoms
  The ghost of attackplan the Skirmisher, an amateur HOFi (D:3)
  A slave (D:5)
  A black bear (D:7)
  2 wolves (D:8)
  A centaur (D:5)
  A gnoll sergeant (D:3)
  4 bullfrogs
  A scorpion (D:7)
  5 wights (D:4)
  3 howler monkeys (D:7)
  A crimson imp (D:6)
  2 bullfrog zombies (D:5)
  A hound (D:8)
  A quasit (D:7)
  Crazy Yiuf (D:4)
  A centaur zombie (D:5)
  2 orc priests
  2 jellies (D:6)
  A bullfrog skeleton (D:6)
  4 gnoll shamans
  4 iguanas
  Ijyb (D:3)
  4 orc wizards
  7 worker ants
  A hound zombie (D:5)
  Robin (D:3)
  A howler monkey skeleton (D:5)
  6 adders
  33 gnolls
  2 adder zombies
  3 oozes
  An adder skeleton (D:7)
  2 worms
  5 dart slugs
  7 leopard geckos
  17 orcs
  A ball python (D:1)
  9 giant cockroaches
  13 goblins
  11 hobgoblins
  19 jackals
  5 quokkas
  7 bats
  3 frilled lizards
  9 kobolds
  A leopard gecko skeleton (D:4)
  A quokka skeleton (D:4)
  10 rats
233 creatures vanquished.

Vanquished Creatures (others)
  A centaur (D:5)
  A centaur skeleton (D:5)
  A worker ant (D:5)
  A worm (D:5)
4 creatures vanquished.

Grand Total: 237 creatures vanquished

Notes
Turn   | Place    | Note
-------+----------+-------------------------------------------
     0 | D:1      | MTVSty1e the Formicid Fighter began the quest for the Orb.
     0 | D:1      | Reached XP level 1. HP: 18/18 MP: 1/1
    54 | D:1      | Reached XP level 2. HP: 19/24 MP: 2/2
   348 | D:1      | Reached XP level 3. HP: 29/30 MP: 3/3
   657 | D:1      | Reached skill level 1 in Dodging
   666 | D:1      | Reached skill level 4 in Fighting
   876 | D:2      | Reached XP level 4. HP: 26/37 MP: 4/4
  1942 | D:3      | Noticed Ijyb
  1949 | D:3      | Reached XP level 5. HP: 41/43 MP: 5/5
  1957 | D:3      | Killed Ijyb
  2028 | D:3      | Noticed attackplan's ghost (amateur HOFi)
  2036 | D:3      | Killed attackplan's ghost
  2036 | D:3      | Reached XP level 6. HP: 39/50 MP: 6/6
  2205 | D:3      | Reached skill level 5 in Fighting
  2311 | D:3      | Noticed Robin
  2321 | D:3      | Killed Robin
  2874 | D:3      | Reached XP level 7. HP: 36/56 MP: 7/7
  3090 | D:3      | Reached skill level 5 in Shields
  3745 | D:3      | Reached skill level 6 in Fighting
  3855 | D:3      | Reached XP level 8. HP: 64/64 MP: 8/8
  4501 | D:3      | Reached skill level 5 in Armour
  5127 | D:4      | Noticed Nordron's ghost (amateur NaTm)
  5218 | D:4      | Killed Nordron's ghost
  5218 | D:4      | Reached skill level 7 in Fighting
  5243 | D:4      | Noticed Edmund
  5254 | D:4      | Killed Edmund
  5254 | D:4      | Reached XP level 9. HP: 24/72 MP: 9/9
  5632 | D:4      | Found a runed door.
  5678 | D:4      | Found a shadowy altar of Dithmenos.
  5845 | D:4      | Noticed Crazy Yiuf
  5849 | D:4      | Killed Crazy Yiuf
  5855 | D:4      | Got a slimy mace
  5857 | D:4      | Identified the +8 mace of Twilight {flame, Fragile rElec rC+ MP+9} (You found it on level 4 of the Dungeon)
  5884 | D:5      | Entered Level 5 of the Dungeon
  5890 | D:5      | Noticed Pikel
  5909 | D:5      | Killed Pikel
  5909 | D:5      | Reached skill level 8 in Fighting
  5909 | D:5      | Reached skill level 1 in Maces & Flails
  6241 | D:5      | Found a staircase to the Ecumenical Temple.
  6263 | Temple   | Entered the Ecumenical Temple
  6806 | D:6      | Noticed Sigmund
  6814 | D:6      | Killed Sigmund
  6814 | D:6      | Reached XP level 10. HP: 70/82 MP: 10/10
  7013 | D:6      | Reached skill level 9 in Fighting
  7555 | D:7      | Reached skill level 5 in Dodging
  7586 | D:7      | Found a stormy altar of Qazlal.
  7955 | D:7      | Found a white marble altar of Elyvilon.
  7955 | D:7      | Found a deep blue altar of Sif Muna.
  8159 | D:8      | Reached skill level 5 in Axes
  8346 | D:8      | Noticed Grum
  8363 | D:8      | Noticed Gastronok
  8365 | D:8      | Slain by Grum

Skill      XL: |  1  2  3  4  5  6  7  8  9 10 |
---------------+-------------------------------+-----
Dodging        | 1 2 3 4 5 |  5.5
Fighting       | 4 5 6 7 8 9 |  9.8
Shields        | 4 5 6 7 8 |  8.3
Axes           | 3 4 5 |  5.1
Armour         | 4 5 6 7 |  7.4
Maces & Flails | 2 3 |  3.6

Action                   |  1- 3 |  4- 6 |  7- 9 | 10-12 || total
-------------------------+-------+-------+-------+-------++-------
Melee: War axe           |    76 |   202 |   325 |       ||   603
       Hand axe          |       |       |    61 |       ||    61
       Mace              |       |       |    86 |   130 ||   216
 Abil: Dig               |       |     3 |     1 |       ||     4
  Use: Scroll            |     2 |     6 |     4 |     2 ||    14
       Potion            |       |     2 |     2 |     4 ||     8
 Stab: Distracted        |       |       |     1 |       ||     1
  Eat: Pizza             |       |     2 |       |       ||     2
       Bread ration      |       |     1 |     1 |     1 ||     3
       Beef jerky        |       |       |     2 |       ||     2
       Chunk             |       |       |     8 |       ||     8
Armor: Scale mail        |    19 |       |    12 |     1 ||    32
       Plate armour      |    17 |   134 |   237 |    82 ||   470
Dodge: Dodged            |    25 |    56 |   155 |    69 ||   305
Block: Shield            |    50 |   155 |   339 |    97 ||   641
